AoeStats
← Mike Dyson Jr

Hill Fort

504177646Analyzed
2v2 RM · 27d ago on Sep 4, 2026· 38m 0s· 4 players
Game mode
Random Map
Map size
Medium (4 player)
Population
200
Speed
Normal
Resources
Standard
Victory
Conquest
Starting age
Dark Age
Ending age
Imperial Age
RankedLock teamsTeams togetherTeam positionsShared explorationLock speedFull tech treeHidden civsTurbo modeCheats
Victory
Defeat
🇳🇿 Spanish · New Zealand
1366
+13
🇳🇿 Teutons · New Zealand
1335
+15
🇩🇪 Huns · Germany
1318
-15
🇦🇪 Tatars · United Arab Emirates
1293
-13
Han.
8:42 Loom
10:49 Feudal Age
11:21 Horse Collar
11:29 Double-Bit Axe
18:29 Castle Age
17:10 Scale Barding Armor
17:48 Forging
19:15 Gold Mining
20:04 Husbandry
22:22 Bloodlines
23:37 Chain Barding Armor
25:32 Heavy Plow
28:17 Iron Casting
29:58 Wheelbarrow
36:01 Wheelbarrow
35:11 Town Watch
Citykeeper
9:39 Feudal Age
11:42 Loom
14:56 Castle Age
13:38 Double-Bit Axe
14:11 Horse Collar
16:42 Fletching
22:02 Bodkin Arrow
25:35 Bow Saw
27:42 Ballistics
27:28 Padded Archer Armor
32:52 Imperial Age
32:38 Leather Archer Armor
34:32 Bloodlines
34:26 Bracer
Mike Dyson Jr
7:46 Loom
9:45 Feudal Age
9:57 Man-at-Arms
11:44 Horse Collar
12:31 Double-Bit Axe
18:47 Castle Age
17:40 Bloodlines
30:42 Wheelbarrow
30:38 Bow Saw
33:07 Scale Barding Armor
35:40 Imperial Age
33:28 Forging
33:33 Gold Mining
36:10 Chain Barding Armor
36:29 Caravan
38:47 Hoardings
Xлеб
10:52 Feudal Age
18:34 Castle Age
18:47 Town Watch
19:38 Bloodlines
19:28 Husbandry
19:22 Fletching
19:33 Padded Archer Armor
21:30 Leather Archer Armor
21:18 Horse Collar
21:38 Loom
22:08 Double-Bit Axe
28:55 Wheelbarrow
32:58 Town Patrol
34:43 Bodkin Arrow
36:02 Hand Cart
40:13 Imperial Age
Connection lost

Rejoining the realm…

Still unreachable

The connection could not be restored.

Session expired

The server has moved on; the page needs a fresh start.